 Dungeon Crawl Stone Soup version 0.31-a0-845-g9abc20d24f (webtiles) character file.

Game seed: 13863664949167160688

77 bobo the Grasshopper (level 4, -2/38 HPs)
             Began as a Gnoll Warper on Oct 2, 2023.
             Slain by Robin
             ... wielding a +4 vampiric falchion
              (9 damage)
             ... on level 2 of the Dungeon.
             The game lasted 00:05:33 (1506 turns).

bobo the Grasshopper (Gnoll Warper)                 Turns: 1506, Time: 00:05:33

Health: -2/38      AC:  3    Str: 11 (12) XL:     4   Next: 34%
Magic:  11/11      EV: 12    Int: 10 (13) God:
Gold:   99         SH:  0    Dex:  8 (11) Spells: 11/13 levels left

rFire   . . .        a - +0 spear
rCold   . . .        (no shield)
rNeg    . . .        b - +0 leather armour
rPois   .            (no helmet)
rElec   .            (no cloak)
rCorr   .            (no gloves)
SInv    .            (no boots)
Will    .....        (no amulet)
Stlth   +            (no ring)
HPRegen 0.26/turn    (no ring)
MPRegen 0.12/turn

%: no passive effects
@: no status effects
A: fangs 1, strong nose, distributed training
a: no special abilities


You were on level 2 of the Dungeon.
You visited 1 branch of the dungeon, and saw 2 of its levels.

You collected 99 gold pieces.

Inventory:

Hand Weapons
 a - a +0 spear (weapon)
Missiles
 d - a dart of dispersal (quivered)
Armour
 b - a +0 leather armour (worn)


   Skills:
 + Level 4.6 Fighting
 + Level 1.1 Short Blades
 + Level 1.1 Long Blades
 + Level 1.1 Axes
 + Level 1.1 Maces & Flails
 + Level 4.6 Polearms
 + Level 1.1 Staves
 + Level 1.1 Ranged Weapons
 + Level 2.7 Throwing
 + Level 2.7 Armour
 + Level 4.6 Dodging
 + Level 1.1 Stealth
 + Level 1.1 Shields
 + Level 1.1 Unarmed Combat
 + Level 5.1 Spellcasting
 + Level 0.9 Conjurations
 + Level 0.9 Hexes
 + Level 0.9 Summonings
 + Level 0.9 Necromancy
 + Level 5.4 Translocations
 + Level 0.9 Transmutations
 + Level 0.9 Fire Magic
 + Level 0.9 Ice Magic
 + Level 0.9 Air Magic
 + Level 0.9 Earth Magic
 + Level 0.9 Poison Magic
 + Level 1.2 Invocations
 + Level 1.1 Evocations
 + Level 1.0 Shapeshifting


You had 11 spell levels left.
You knew the following spells:

 Your Spells              Type           Power      Damage    Failure   Level
Z - Blink                 Tloc           26%        N/A       4%          2

Your spell library contained the following spells:

 Spells                   Type           Power      Damage    Failure   Level
 Lesser Beckoning         Tloc           26%        N/A       4%          2
 Teleport Other           Tloc           13%        N/A       9%          3
 Manifold Assault         Tloc           13%        N/A       30%         4
 Vhi's Electric Charge    Tloc/Air       16%        N/A       61%         4


Dungeon Overview and Level Annotations

Branches:
Dungeon (2/15)

Altars:
Ru

Annotations:
D:2 Robin


Innate Abilities, Weirdness & Mutations

You have very sharp teeth.
Your uncanny sense of smell can sniff out nearby items.
Your experience applies equally to all skills.


Message History

Robin hits you with a +4 vampiric falchion.
You barely miss Robin.
Robin is lightly wounded.
Robin hits you with a +4 vampiric falchion.
You barely miss Robin.
Robin is lightly wounded.
Robin hits you with a +4 vampiric falchion.
Robin draws strength from your wounds!
You hit Robin.
Robin is moderately wounded.
Robin barely misses you.
You hit Robin.
Robin is moderately wounded.
Robin misses you.
You barely miss Robin.
Robin is moderately wounded.
You hit Robin.
Robin is heavily wounded.
Robin hits you with a +4 vampiric falchion.
Robin draws strength from your wounds!
You completely miss Robin.
Robin is moderately wounded.
Robin hits you with a +4 vampiric falchion!
Robin draws strength from your wounds!
You hit Robin but do no damage.
Robin is lightly wounded.
Robin barely misses you.
You hit Robin but do no damage.
Robin is lightly wounded.
Robin barely misses you.
You hit Robin. You bite Robin, but do no damage.
Robin is moderately wounded.
Robin's horned helmet rattles.
Robin hits you with a +4 vampiric falchion!
* * * LOW HITPOINT WARNING * * *
You hit Robin. You bite Robin.
Robin is heavily wounded.
Robin hits you with a +4 vampiric falchion!
You die...
Robin says, "And that's why I'm the boss."

**,,,..............##
*,,*#..#...........#
***,*#....._........#
,**,*#..#...........#
,,,,,.g.#......<...##
**,,,,..#.....#[..###
,,,,,.....)....#)####
*,,,,...........†####
*,,,,..........g@####
,,,,,..........).####*
,,,,,[...............*
*,,,,..............##*
**,,,.....)....##...#
**,,,..#.....####..#
****###############


You could see Robin.

Vanquished Creatures
  Jessica (D:2)
  4 ball pythons (D:1)
  6 endoplasms (D:1)
  2 giant cockroaches (D:1)
  14 goblins
  8 hobgoblins
  A quokka (D:1)
  2 bats (D:1)
  A frilled lizard (D:1)
  A kobold (D:1)
  5 rats (D:1)
45 creatures vanquished.

Notes
Turn   | Place    | Note
-------+----------+-------------------------------------------
     0 | D:1      | bobo the Gnoll Warper began the quest for the Orb.
     0 | D:1      | Reached XP level 1. HP: 20/20 MP: 6/6
    70 | D:1      | Reached XP level 2. HP: 20/26 MP: 7/7
   195 | D:1      | Learned a level 2 spell: Blink
   258 | D:1      | Reached XP level 3. HP: 26/31 MP: 9/9
   287 | D:1      | Reached skill level 5 in Spellcasting
   894 | D:2      | Noticed Robin
   910 | D:1      | Reached skill level 1 in Invocations
   932 | D:2      | Noticed Jessica
   932 | D:2      | Found a sacrificial altar of Ru.
   949 | D:2      | Killed Jessica
   950 | D:2      | Reached skill level 1 in Short Blades
   950 | D:2      | Reached skill level 1 in Long Blades
   950 | D:2      | Reached skill level 1 in Axes
   950 | D:2      | Reached skill level 1 in Maces & Flails
   950 | D:2      | Reached skill level 1 in Staves
   950 | D:2      | Reached skill level 1 in Ranged Weapons
   950 | D:2      | Reached skill level 1 in Stealth
   950 | D:2      | Reached skill level 1 in Shields
   950 | D:2      | Reached skill level 1 in Unarmed Combat
   950 | D:2      | Reached skill level 1 in Evocations
   950 | D:2      | Reached skill level 1 in Shapeshifting
   950 | D:2      | Reached XP level 4. HP: 6/38 MP: 11/11
  1339 | D:2      | HP: 1/38 [Robin/+4 vampiric falchion (6)]
  1506 | D:2      | Slain by Robin

Illustrated notes

Levels and vault maps discovered:
D:1:      co_arrival_hall_of_pillars, layout_loops_ring
D:2:      layout_rooms, chequers_ecumenical_altar_twisty, basic_altar,
          uniq_jessica, uniq_robin

Skill      XL: |  1  2  3 |
---------------+----------+-----
Spellcasting   | 5 |  5.1
Invocations    | 1 |  1.2
Short Blades   | 1 |  1.1
Long Blades    | 1 |  1.1
Axes           | 1 |  1.1
Maces & Flails | 1 |  1.1
Staves         | 1 |  1.1
Ranged Weapons | 1 |  1.1
Stealth        | 1 |  1.1
Shields        | 1 |  1.1
Unarmed Combat | 1 |  1.1
Evocations     | 1 |  1.1
Shapeshifting  | 1 |  1.0
Fighting       | |  4.6
Polearms       | |  4.6
Throwing       | |  2.7
Armour         | |  2.7
Dodging        | |  4.6
Conjurations   | |  0.9
Hexes          | |  0.9
Summonings     | |  0.9
Necromancy     | |  0.9
Translocations | |  5.4
Transmutations | |  0.9
Fire Magic     | |  0.9
Ice Magic      | |  0.9
Air Magic      | |  0.9
Earth Magic    | |  0.9
Poison Magic   | |  0.9

Action                     |  1- 3 |  4- 6 || total
---------------------------+-------+-------++-------
  Melee: Spear             |   137 |    51 ||   188
         Bite              |    12 |     8 ||    20
         Punch             |     2 |       ||     2
  Throw: Dart              |     4 |     2 ||     6
   Cast: Blink             |     1 |     1 ||     2
    Use: Scroll            |     2 |       ||     2
         Potion            |       |     4 ||     4
   Stab: Sleeping          |     1 |       ||     1
 Armour: Leather armour    |    50 |    41 ||    91
  Dodge: Dodged            |    65 |    32 ||    97

Table legend: (Time is in decaauts)
 A = Elapsed time spent in this place.
 B = Non-inter-level travel time spent in this place.
 C = Inter-level travel time spent in this place.
 D = Time resting spent in this place.
 E = Time spent auto-exploring this place.
 F = Levels seen in this place.
 G = Mean time per level.
                   A        B        C        D        E       F      G
               +--------+--------+--------+--------+--------+-----+--------+
         Total |   1475 |   1378 |     97 |    246 |    777 |   2 |  737.5 |
       Dungeon |   1475 |   1378 |     97 |    246 |    777 |   2 |  737.5 |
               +--------+--------+--------+--------+--------+-----+--------+

Top non-repeatable levels by time:
     D:1: 1334 daAuts
     D:2: 141 daAuts
